Map: Bridgehead LE (Void)

Players

Javert

  • Race: Zerg Zerg
  • League: Grandmaster

CrazyMagic - Winner!

  • Race: Zerg Zerg
  • League: Grandmaster

VOD

Have the link to the VOD?

Description

Time

  • Played on: Sept. 19, 2015, 8:50 p.m.
  • Length: 10:54
Show
View Real Time Build Order
Export as new Build Order

Javert Zerg 

Build Orders: Pool First 

Get SALT Encoding   

  12  0:01  Drone  
  13  0:13  Overlord  
  13  0:19  Drone  
  14  0:32  Drone x2  
  16  0:36  Drone  
  17  0:47  Spawning Pool  
  17  0:48  Drone  
  17  0:57  Drone  
  18  1:13  Hatchery  
  18  1:17  Drone  
  18  1:19  Extractor  
  18  1:20  Drone  
  18  1:35  Roach Warren  
  17  1:42  Drone  
  18  1:49  Queen  
  21  1:57  Overlord  
  20  2:19  Roach x2  
  24  2:24  Roach  
  26  2:31  Queen  
  28  2:39  Roach x2  
  32  2:44  Overlord  
  32  2:51  Drone x2  
  34  3:02  Drone x2  
  34  3:03  Drone x3  
  39  3:17  Baneling Nest  
  39  3:18  Overlord  
  38  3:21  Drone x3  
  41  3:31  Drone x3  
  44  3:35  Overlord  
  44  3:50  Drone  
  44  3:51  Drone x3  
  48  4:01  Hatchery  
  47  4:08  Zergling x10  
  52  4:12  Overlord  
  52  4:19  Lair  
  52  4:21  Extractor  
  51  4:28  Evolution Chamber  
  51  4:29  Baneling x4  
  51  4:30  Baneling x2  
  50  4:32  Drone x3  
  53  4:42  Drone x4  
  57  4:56  Drone x3  
  57  4:57  Drone x3  
  63  5:01  Queen  
  65  5:11  Overlord x2  
  65  5:19  Glial Reconstitution  
  65  5:24  Drone x6  
  65  5:25  Drone x3  
  65  5:28  Zerg Missile Weapons Level 1  
  74  5:31  Extractor  
  72  5:39  Roach x4  
  80  5:45  Drone x3  
  80  5:47  Overlord  
  83  5:55  Roach x2  
  87  6:07  Hydralisk Den  
  87  6:08  Drone x4, Extractor  
  89  6:15  Roach  
  89  6:16  Roach x2  
  95  6:20  Extractor x2  
  95  6:22  Overlord  
  95  6:25  Roach x2  
  97  6:35  Overlord x2  
  97  6:43  Baneling x4  
  97  6:47  Roach  
  97  6:48  Roach x3  
  97  6:52  Overlord  
  97  6:53  Overlord  
  105  6:55  Roach x2  
  105  6:56  Roach x3  
  105  6:57  Roach  
  92  7:27  Hydralisk x5  
  92  7:28  Hydralisk x2  
  94  7:39  Spore Crawler  
  94  7:42  Spore Crawler  
  90  7:47  Spore Crawler x2  
  90  7:48  Spore Crawler x2  
  90  7:50  Spore Crawler  
  90  7:51  Hydralisk x4  
  85  7:52  Spore Crawler, Hydralisk  
  85  7:53  Spore Crawler  
  91  8:07  Spore Crawler  
  91  8:08  Spore Crawler  
  91  8:09  Spore Crawler  
  82  8:20  Hydralisk x2  
  82  8:21  Hydralisk x4  
  88  8:42  Spore Crawler  
  88  8:43  Muscular Augments  
  88  8:47  Spore Crawler  
  88  8:48  Drone  
  86  8:49  Drone x10  
  86  8:52  Spore Crawler  
  95  9:01  Drone x2  
  95  9:02  Drone x2  
  98  9:08  Roach x5  
  106  9:27  Overlord x2  
  69  10:00  Roach  
  69  10:01  Roach x8  
  69  10:02  Roach x2  
  79  10:29  Hydralisk x3  
  79  10:30  Hydralisk x4  
  93  10:39  Extractor  
  93  10:41  Hatchery, Extractor  
  96  10:49  Evolution Chamber  
Show
View Real Time Build Order
Export as new Build Order

CrazyMagic Zerg - Winner!

Build Orders: Hatch First 

Get SALT Encoding   

  12  0:01  Drone  
  13  0:12  Overlord  
  13  0:19  Drone  
  14  0:32  Drone x2  
  16  0:36  Drone  
  17  0:46  Drone  
  18  1:02  Hatchery  
  17  1:10  Spawning Pool  
  16  1:17  Drone x2, Extractor  
  17  1:20  Drone  
  18  1:41  Overlord  
  18  1:43  Drone  
  19  1:51  Drone  
  20  1:57  Queen  
  22  2:01  Zergling x2  
  23  2:14  Queen  
  25  2:16  Zergling x2  
  25  2:21  Drone  
  27  2:31  Drone x2  
  27  2:34  Metabolic Boost  
  29  2:38  Overlord  
  29  2:45  Baneling Nest  
  29  2:48  Drone x2  
  29  2:49  Drone  
  31  3:04  Overlord  
  31  3:09  Drone x5  
  31  3:10  Drone x2  
  38  3:20  Lair  
  38  3:26  Drone x2  
  38  3:27  Drone  
  41  3:32  Extractor  
  41  3:33  Overlord  
  40  3:36  Extractor  
  40  3:38  Extractor  
  38  3:41  Drone x3  
  41  3:58  Zergling x2  
  41  3:59  Zergling x10  
  41  4:01  Baneling x4  
  47  4:08  Drone x4  
  51  4:10  Overlord x2  
  51  4:11  Drone  
  52  4:27  Overlord x2  
  52  4:28  Queen  
  54  4:47  Spire  
  53  4:59  Hatchery  
  52  5:08  Baneling x4  
  52  5:09  Overlord x3  
  52  5:11  Zergling x12  
  58  5:26  Zergling x2  
  58  5:27  Zergling x14  
  62  5:51  Overlord x3  
  62  5:53  Drone  
  62  5:54  Drone x6  
  62  5:55  Drone  
  70  5:57  Drone  
  71  6:21  Mutalisk x6  
  83  6:31  Mutalisk x3  
  89  6:36  Zerg Flyer Weapons Level 1  
  89  6:41  Mutalisk x2  
  89  6:45  Mutalisk x2  
  97  6:53  Mutalisk  
  92  7:18  Mutalisk x3  
  96  7:27  Queen  
  96  7:28  Drone  
  96  7:29  Drone x7  
  96  7:40  Drone  
  96  7:41  Drone  
  97  7:46  Roach Warren  
  97  7:48  Drone x3  
  97  7:49  Queen  
  97  7:50  Evolution Chamber x2  
  95  8:17  Drone x4  
  95  8:18  Drone  
  100  8:20  Extractor  
  100  8:21  Extractor  
  96  8:43  Drone  
  96  8:44  Drone x2  
  96  8:47  Roach x8  
  115  9:02  Roach x3  
  129  9:03  Roach x4  
  129  9:18  Roach x3  
  129  9:20  Hydralisk Den  
  120  9:25  Baneling x2  
  120  9:26  Baneling x11  
  120  9:27  Roach x3  
  120  9:30  Hatchery  
  125  9:33  Roach x2  
  125  9:34  Roach x4  
  134  9:49  Roach x2  
  127  9:56  Roach x2  
  127  9:57  Roach x3  
  127  9:59  Roach x2  
  125  10:03  Overlord  
  119  10:22  Roach x6  
Tags
 
Add a new tag
Caveats
  • Supply blocks, unpowered buildings, or Contaminate may cause inaccurate times.
  • Supply counts are checked every 10 seconds.